AoeStats
← 平民老百姓

African Clearing

504518325Analyzed
4v4 RM · 27d ago on Sep 5, 2026· 67m 58s· 8 players
Game mode
Random Map
Map size
Large (8 player)
Population
200
Speed
Normal
Resources
Standard
Victory
Conquest
Starting age
Dark Age
Ending age
Imperial Age
RankedLock teamsTeams togetherTeam positionsShared explorationLock speedFull tech treeHidden civsTurbo modeCheats
Victory
Defeat
🇨🇳 Burgundians · China
1357
+15
🇭🇰 Magyars · Hong Kong SAR China
1328
+16
🇹🇼 Mongols · Taiwan
1282
+18
🇹🇼 Spanish · Taiwan
1219
+21
🇫🇮 Wu · Finland
1347
-18
🇺🇸 Koreans · United States
1336
-18
🇨🇳 Magyars · China
1324
-17
🇬🇧 Vietnamese · United Kingdom
1318
-17
11VillagerIdle
4:31 Loom
15:59 Feudal Age
20:19 Castle Age
19:57 Gold Mining
20:22 Double-Bit Axe
23:41 Stone Mining
28:32 Horse Collar
29:36 Scale Mail Armor
29:47 Fletching
31:10 Squires
32:29 Forging
34:35 Chain Mail Armor
35:29 Wheelbarrow
34:40 Town Watch
38:03 Iron Casting
37:24 Bodkin Arrow
38:25 Ballistics
39:50 Hand Cart
41:45 Padded Archer Armor
44:22 Imperial Age
41:25 Elite Skirmisher
42:39 Guard Tower
43:43 Leather Archer Armor
44:56 Thumb Ring
47:41 Imperial Age
45:31 Pikeman
46:57 Bow Saw
48:07 Imperial Skirmisher
49:31 Halberdier
50:34 Arson
52:02 Two-Man Saw
51:03 Heavy Plow
53:34 Ring Archer Armor
GENGIS KHAN'T
13:03 Feudal Age
11:59 Loom
17:37 Castle Age
16:41 Double-Bit Axe
26:02 Bow Saw
26:53 Fletching
27:45 Town Watch
30:15 Bodkin Arrow
31:09 Wheelbarrow
32:22 Stone Mining
32:28 Gold Mining
35:55 Imperial Age
34:07 Scale Mail Armor
34:19 Forging
38:03 Bracer
38:32 Conscription
38:52 Ballistics
39:32 Chemistry
39:12 Hand Cart
41:53 Scale Mail Armor
42:04 Forging
44:03 Elite War Wagon
48:36 Chain Mail Armor
48:57 Iron Casting
49:57 Pikeman
50:39 Squires
50:25 Gambesons
3YC
10:15 Loom
12:56 Feudal Age
13:55 Double-Bit Axe
17:46 Fletching
22:50 Wheelbarrow
27:10 Castle Age
26:51 Horse Collar
28:42 Bow Saw
32:13 Heavy Plow
37:48 Imperial Age
36:10 Bodkin Arrow
36:16 Padded Archer Armor
36:31 Bloodlines
36:21 Husbandry
37:34 Hand Cart
37:52 Ballistics
38:50 Bracer
39:05 Leather Archer Armor
39:11 Thumb Ring
39:32 Parthian Tactics
41:42 Chemistry
41:37 Heavy Cavalry Archer
42:45 Pikeman
44:49 Conscription
46:23 Ring Archer Armor
45:22 Elite Skirmisher
46:23 Halberdier
47:31 Imperial Skirmisher
48:25 Recurve Bow
Titan
9:20 Loom
14:50 Feudal Age
19:13 Castle Age
17:26 Horse Collar
18:06 Double-Bit Axe
19:06 Town Watch
25:06 Fletching
29:18 Bow Saw
31:21 Bodkin Arrow
32:47 Sanctity
34:06 Ballistics
39:26 Imperial Age
37:40 Wheelbarrow
37:46 Wheelbarrow
40:01 Imperial Age
40:51 Bracer
40:52 Padded Archer Armor
40:47 Guard Tower
42:01 Chemistry
41:42 Conscription
42:51 Red Cliffs Tactics
43:37 Leather Archer Armor
43:35 Masonry
46:20 Sitting Tiger
45:47 Elite Fire Archer
47:29 Architecture
46:55 Murder Holes
46:41 Treadmill Crane
48:38 Two-Man Saw
47:38 Heavy Plow
47:30 Gold Mining
平民老百姓
4:57 Loom
13:59 Feudal Age
18:44 Castle Age
16:35 Double-Bit Axe
16:54 Stone Mining
17:51 Gold Mining
18:47 Horse Collar
19:01 Fletching
22:42 Padded Archer Armor
26:13 Husbandry
29:36 Bloodlines
33:14 Bow Saw
33:19 Elite Skirmisher
38:15 Leather Archer Armor
37:56 Bodkin Arrow
41:44 Wheelbarrow
47:24 Wheelbarrow
51:35 Stone Shaft Mining
51:39 Hand Cart
58:09 Forging
57:59 Scale Mail Armor
58:06 Scale Barding Armor
61:25 Imperial Age
62:40 Ring Archer Armor
65:03 Bracer
65:38 Iron Casting
65:18 Chain Mail Armor
65:23 Chain Barding Armor
65:06 Caravan
65:37 Coinage
65:17 Guilds
65:19 Town Watch
67:25 Chemistry
66:45 Ballistics
66:36 Careening
66:21 Guard Tower
66:37 Siphons
67:35 Town Patrol
67:45 Thumb Ring
68:22 Banking
開機中
8:54 Loom
15:26 Feudal Age
19:50 Castle Age
18:59 Double-Bit Axe
20:38 Horse Collar
22:56 Bow Saw
26:12 Fletching
27:41 Ballistics
29:15 Wheelbarrow
28:52 Stone Mining
29:34 Heavy Plow
30:52 Hand Cart
31:43 Stone Shaft Mining
31:24 Gold Mining
32:14 Bodkin Arrow
33:03 Padded Archer Armor
34:08 Leather Archer Armor
34:36 Gold Shaft Mining
37:40 Imperial Age
37:49 Imperial Age
36:59 Bloodlines
36:53 Husbandry
37:30 Masonry
38:07 Thumb Ring
38:34 Bracer
39:37 Chemistry
38:01 Elite Mangudai
39:04 Conscription
42:09 Parthian Tactics
47:43 Coinage
49:28 Banking
62:06 Spies/Treason
风正一帆悬
5:50 Loom
14:01 Feudal Age
15:50 Double-Bit Axe
26:57 Castle Age
29:24 Castle Age
31:11 Bow Saw
35:24 Horse Collar
39:44 Heavy Plow
40:30 Wheelbarrow
43:06 Corvinian Army
44:25 Bloodlines
44:16 Husbandry
44:37 Scale Barding Armor
47:41 Imperial Age
45:51 Chain Barding Armor
46:18 Hand Cart
46:04 Gold Mining
46:05 Stone Mining
46:17 Fletching
46:35 Thumb Ring
48:23 Ballistics
48:00 Bodkin Arrow
48:05 Padded Archer Armor
48:05 Elite Magyar Huszar
49:05 Conscription
48:47 Recurve Bow
49:15 Parthian Tactics
50:11 Plate Barding Armor
49:40 Bracer
50:19 Crop Rotation
49:55 Heavy Cavalry Archer
51:26 Gold Shaft Mining
54:20 Two-Man Saw
55:14 Cavalier
59:35 Paladin
59:54 Spies/Treason
62:01 Leather Archer Armor
62:49 Chemistry
64:19 Ring Archer Armor
64:05 Masonry
63:46 Guard Tower
67:27 Treadmill Crane
梦呓江淮
8:07 Double-Bit Axe
8:27 Loom
13:09 Feudal Age
17:02 Castle Age
15:15 Bow Saw
21:06 Two-Man Saw
20:52 Wheelbarrow
21:39 Cavalier
25:37 Scale Barding Armor
28:10 Husbandry
28:33 Chain Barding Armor
28:10 Gold Mining
28:42 Horse Collar
30:52 Forging
34:17 Iron Casting
36:37 Imperial Age
34:23 Hand Cart
37:17 Ballistics
36:54 Fletching
37:05 Padded Archer Armor
36:55 Paladin
37:58 Conscription
37:08 Elite Skirmisher
38:43 Plate Barding Armor
40:12 Gold Shaft Mining
39:46 Heavy Plow
39:57 Stone Mining
44:37 Blast Furnace
43:38 Bodkin Arrow
44:45 Burgundian Vineyards
45:40 Stone Shaft Mining
46:11 Chemistry
48:24 Coinage
48:10 Bracer
48:25 Leather Archer Armor
49:46 Crop Rotation
51:20 Bombard Tower
50:41 Treadmill Crane
51:14 Masonry
52:33 Banking
57:04 Hoardings
59:14 Town Watch
67:00 Spies/Treason
Connection lost

Rejoining the realm…

Still unreachable

The connection could not be restored.

Session expired

The server has moved on; the page needs a fresh start.